 Dungeon Crawl Stone Soup version 0.20-b1-12-g5827e59 (webtiles) character file.

144 ChaseSP the Digger (level 5, 0/29 HPs)
             Began as a Gargoyle Earth Elementalist on May 24, 2017.
             Slain by a wight
             ... wielding a cursed +0 long sword
              (2 damage)
             ... on level 3 of the Dungeon.
             The game lasted 00:05:23 (2104 turns).

ChaseSP the Digger (Gargoyle Earth Elementalist)    Turns: 2104, Time: 00:05:24

Health: 0/29       AC:  9    Str: 12    XL:     5   Next: 26%
Magic:  1/8        EV: 11    Int: 16    God:
Gold:   157        SH:  0    Dex: 10    Spells: 4/8 levels left

rFire    . . .     SeeInvis .   m - +0 flail (venom)
rCold    . . .     Gourm    .   (no shield)
rNeg     + . .     Faith    .   g - +1 leather armour
rPois    ∞         Spirit   .   q - +0 helmet
rElec    +         Reflect  .   (no cloak)
rCorr    .         Harm     .   (no gloves)
MR       .....                  (no boots)
Stlth    ++........             (no amulet)
Regen    0.1/turn               (no ring)
MPRegen  0.2/turn               (no ring)

@: about to teleport
A: negative energy resistance 1, electricity resistance, unbreathing,
petrification resistance, rot immunity, AC +4
a: no special abilities


You were on level 3 of the Dungeon.
You were hungry.

You visited 1 branch of the dungeon, and saw 3 of its levels.

You collected 157 gold pieces.

Inventory:

Hand Weapons
 c - a +0 mace
 m - a +0 flail of venom (weapon)
Missiles
 b - 66 stones (quivered)
Armour
 g - a +1 leather armour (worn)
 q - a +0 helmet (worn)
Scrolls
 f - a scroll of enchant armour
 h - 3 scrolls of remove curse
 k - a scroll of recharging
 l - 3 scrolls of identify {unknown}
 p - a scroll of magic mapping {unknown}
Potions
 i - a potion of berserk rage {unknown}
 j - a potion of degeneration {unknown}
 n - a potion of heal wounds {unknown}
 o - a potion of brilliance {unknown}
Books
 e - a book of Geomancy

   Spells                             Type                      Level
   a - Sandblast                      Earth                        1
   b - Passwall                       Transmutation/Earth          2
   c - Stone Arrow                    Conjuration/Earth            3
   d - Petrify                        Transmutation/Earth          4
   e - Lee's Rapid Deconstruction     Earth                        5
Comestibles
 d - 3 bread rations
 r - 8 chunks of flesh


   Skills:
 + Level 1.4 Fighting
 - Level 1.5 Dodging
 - Level 2.1 Stealth
 - Level 2.0 Spellcasting
   Level 0.7 Transmutations
 * Level 6.6 Earth Magic


You had 4 spell levels left.
You knew the following spells:

 Your Spells              Type           Power        Failure   Level  Hunger
a - Sandblast             Erth           ###...       1%          1    #......
b - Stone Arrow           Conj/Erth      ##....       21%         3    ###....


Dungeon Overview and Level Annotations

Branches:
Dungeon (3/15)

Altars:
Ashenzari
Hepliaklqana


Innate Abilities, Weirdness & Mutations

You are resistant to torment.
Your stone body is resilient. (AC +4)
You are immune to poison.
You resist negative energy. (rN+)
You are resistant to electric shocks. (rElec)
You can survive without breathing.
You are immune to petrification.
You are immune to rotting.


Message History

The blast of sand hits the wight.
The wight is moderately damaged.
b - 67 stones You are feeling hungry.
Casting: Sandblast
Confirm with . or Enter, or press ? or * to list all spells.
Aiming: Sandblast
Press: ? - help, Shift-Dir - straight line, f/p - wight
Aim: a wight, wielding a long sword and wearing a robe (moderately damaged)
The blast of sand hits the wight.
The wight is moderately damaged.
b - 66 stones The wight hits you with a long sword.
* * * LOW HITPOINT WARNING * * *
Casting: Sandblast
Confirm with . or Enter, or press ? or * to list all spells.
You don't know that spell.
As you read the scroll of teleportation, it crumbles to dust.
You feel strangely unstable. The wight hits you with a long sword.
You die...

. .. ##### ... .# #...
.... #.##########.#
...$.
##........@zzz.##._..8.
#...##########.........
#..# #.#....... #..#
#.###.....
#####..####### #.# #...
#............# #.# #.#
###.###..#####.# #.#
..# ....# #..# #.# #.#
#.# .####
#..#####.#####.# #.#


You could see 3 wights.

Vanquished Creatures
  A wight (D:3)
  4 adders
  2 oozes (D:1)
  2 dart slugs
  2 leopard geckos (D:2)
  An orc (D:3)
  6 bats
  6 giant cockroaches
  2 hobgoblins
  8 jackals (D:2)
  2 frilled lizards (D:2)
  8 goblins
  4 kobolds (D:1)
  4 rats (D:1)
52 creatures vanquished.

Notes
Turn   | Place    | Note
-------+----------+-------------------------------------------
     0 | D:1      | ChaseSP the Gargoyle Earth Elementalist began the quest for the Orb.
     0 | D:1      | Reached XP level 1. HP: 10/10 MP: 3/3
     3 | D:1      | Noticed an electric eel
     3 | D:1      | Noticed an electric eel
   109 | D:1      | Reached skill level 4 in Earth Magic
   147 | D:1      | Reached XP level 2. HP: 14/15 MP: 5/5
   619 | D:1      | Reached skill level 5 in Earth Magic
   619 | D:1      | Reached XP level 3. HP: 14/19 MP: 6/6
   624 | D:1      | Learned a level 3 spell: Stone Arrow
  1333 | D:2      | Reached XP level 4. HP: 24/24 MP: 7/7
  1580 | D:2      | Found a shattered altar of Ashenzari.
  1646 | D:2      | Reached skill level 6 in Earth Magic
  2084 | D:3      | Found a hazy altar of Hepliaklqana.
  2100 | D:3      | Reached skill level 1 in Fighting
  2100 | D:3      | Reached XP level 5. HP: 7/29 MP: 4/8
  2104 | D:3      | Slain by a wight

Skill      XL: |  1  2  3  4 |
---------------+-------------+-----
Earth Magic    | 4 5 6 |  6.6
Fighting       | 1 |  1.4
Dodging        | |  1.5
Stealth        | |  2.1
Spellcasting   | |  2.0
Transmutations | |  0.7

Action                   |  1- 3 |  4- 6 || total
-------------------------+-------+-------++-------
Melee: Short sword       |    21 |       ||    21
       Mace              |   115 |    13 ||   128
       Flail             |       |    43 ||    43
 Cast: Sandblast         |    10 |     8 ||    18
  Use: Scroll            |     4 |     1 ||     5
 Stab: Sleeping          |     3 |     4 ||     7
  Eat: Chunk             |     2 |     2 ||     4
Armor: Robe              |     6 |       ||     6
       Leather armour    |    83 |    37 ||   120
Dodge: Dodged            |   107 |    56 ||   163
